 Dungeon Crawl Stone Soup version 0.17.0 (webtiles) character file.

89 KINGKRU the Skirmisher (level 4, -6/41 HPs)
             Began as a Hill Orc Fighter on Dec 23, 2015.
             Was an Initiate of Nemelex Xobeh.
             Killed by divine providence
             ... invoked by an orc priest
              (17 damage)
             ... on level 5 of the Dungeon.
             The game lasted 00:08:20 (1371 turns).

KINGKRU the Skirmisher (Hill Orc Fighter)           Turns: 1371, Time: 00:08:20

Health: -6/41      AC: 10    Str: 19    XL:     4   Next: 55%
Magic:  4/4        EV:  7    Int:  8    God:    Nemelex Xobeh [......]
Gold:   92         SH:  9    Dex: 10    Spells: 0 memorised, 3 levels left

rFire  . . .     SeeInvis .     a - +0 long sword
rCold  . . .     Clarity  .     b - +0 scale mail
rNeg   . . .     SustAt   .     c - +0 shield
rPois  .         Gourm    .     (no helmet)
rElec  .         Spirit   .     (no cloak)
rCorr  .         Warding  .     (no gloves)
rMut   .         Stasis   +     (no boots)
MR     .....                    m - amulet of stasis
Stlth  ..........               (no ring)
                                (no ring)

@: stone skin, not resistant to hostile enchantments, extremely unstealthy
A: no striking features
a: Renounce Religion, Convert to Beogh


You were on level 5 of the Dungeon.
You worshipped Nemelex Xobeh.
Nemelex Xobeh was noncommittal.
You were not hungry.

You visited 1 branch of the dungeon, and saw 5 of its levels.

You collected 92 gold pieces.

Inventory:

Hand Weapons
 a - a +0 long sword (weapon)
Armour
 b - a +0 scale mail (worn)
 c - a +0 shield (worn)
Jewellery
 m - an amulet of stasis (around neck)
Scrolls
 g - a scroll of remove curse
 j - a scroll of identify {unknown}
 l - a scroll of blinking {unknown}
 o - a scroll of noise {unknown}
 q - 2 scrolls of magic mapping
 v - a scroll of teleportation {unknown}
Potions
 d - a potion of might
 i - a potion of lignification {unknown}
 n - a potion of curing {unknown}
 r - a potion of magic {unknown}
 t - a potion of brilliance {unknown}
 u - a potion of ambrosia {unknown}
Miscellaneous
 h - a plain deck of defence
 p - an ornate deck of war {drawn: 1}
Comestibles
 e - 2 bread rations
 f - 6 fruits
 k - a meat ration
 s - a beef jerky


   Skills:
 + Level 4.4 Fighting
 + Level 2.7 Long Blades
 + Level 4.1 Armour
 + Level 0.1 Dodging
 + Level 4.1 Shields


You had 3 spell levels left.
You didn't know any spells.

Dungeon Overview and Level Annotations

Branches:
Dungeon (5/15)             Temple (0/1) D:4

Altars:
Nemelex Xobeh
Qazlal


Message History

The shadow imp shouts, "Remove thy stench, thou peeagling spur-galled cross-patch!"
You see here 13 gold pieces.
The orc throws a tomahawk.
The tomahawk hits you but does no damage.
You see here a tomahawk.
An orc and an orc priest come into view.
The orc priest shouts, "Join the one true god or die!" (press Y on the ability menu to convert to Beogh)
The orc priest shouts!
Found 18 sling bullets.
Found a stone staircase leading down.
You see here a tomahawk.
The shadow imp gestures at you. Pain shoots through your body!
* * * LOW HITPOINT WARNING * * *
You see here 13 gold pieces.
The shadow imp spits at you.
The orc priest invokes the aid of Beogh against you.
Something smites you!
You die...
Your body disappears without a glow.

........##..#
.######.....# #
###.###.#
...####......#.
........#.###.#
.#####..#.# .# .#
#...#.###.###..#
##...............
...........#@......#
.######.##.#.####..#
#.##(($..##
#.##..(.5.#...
#.....o.......
...............
#.......o...#..
#.###.#o.#.## . #.
#.#......


You could see an orc priest, a shadow imp and 2 orcs.

Vanquished Creatures
  A scorpion (D:5)
  An adder skeleton (D:4)
  2 worms (D:2)
  A bat (D:1)
  A giant cockroach (D:2)
  5 goblins
  2 hobgoblins
  4 jackals (D:1)
  3 kobolds
  A quokka (D:4)
  A ball python (D:1)
  A ball python skeleton (D:4)
  2 giant geckos
  2 rats
27 creatures vanquished.

Notes
Turn   | Place    | Note
--------------------------------------------------------------
     0 | D:1      | KINGKRU the Hill Orc Fighter began the quest for the Orb.
     0 | D:1      | Reached XP level 1. HP: 19/19 MP: 1/1
   204 | D:1      | Reached XP level 2. HP: 27/27 MP: 2/2
   310 | D:1      | Found a sparkling altar of Nemelex Xobeh.
   342 | D:1      | Became a worshipper of Nemelex Xobeh the Trickster
   384 | D:1      | Reached skill level 4 in Fighting
   707 | D:2      | Received a gift from Nemelex Xobeh
   838 | D:2      | Reached XP level 3. HP: 33/33 MP: 3/3
  1137 | D:4      | Found a stormy altar of Qazlal.
  1249 | D:4      | Found a staircase to the Ecumenical Temple.
  1333 | D:5      | Entered Level 5 of the Dungeon
  1344 | D:5      | Noticed a scorpion
  1357 | D:5      | Killed a scorpion
  1357 | D:5      | Reached XP level 4. HP: 16/41 MP: 4/4
  1371 | D:5      | Killed from afar by an orc priest

Action                   |  1- 3 |  4- 6 || total
-------------------------+-------+-------++-------
Melee: Long sword        |    93 |       ||    93
Evoke: Deck              |     1 |       ||     1
  Use: Scroll            |     2 |       ||     2
  Eat: Pizza             |     1 |       ||     1
